 Dungeon Crawl Stone Soup version 0.28-a0-1624-g820543e53a (webtiles) character file.

Game seed: 15612533024627394424

61 cheechan the Charlatan (level 3, 0/15 HPs)
             Began as a Felid Artificer on Jan 23, 2022.
             Succumbed to an adder's poison
             ... on level 2 of the Dungeon.
             The game lasted 00:07:18 (1725 turns).

cheechan the Charlatan (Felid Artificer)            Turns: 1725, Time: 00:07:19

Health: 0/15       AC:  1    Str: 14    XL:     3   Next: 83%
Magic:  4/4        EV: 19    Int: 12    God:
Gold:   40         SH:  0    Dex: 18    Spells: 1/2 levels left
                                        Lives:  0   Deaths: 0

rFire   . . .      SeeInvis +   (weapon unavailable)
rCold   . . .      Faith    .   (shield unavailable)
rNeg    . . .      Spirit   .   (armour unavailable)
rPois   .          Reflect  .   (helmet unavailable)
rElec   .          Harm     .   (cloak unavailable)
rCorr   .          Rampage  .   (gloves unavailable)
Will    .....                   (boots unavailable)
Stlth   ++........              (no amulet)
HPRegen 0.05/turn               d - +6 ring of strength
MPRegen 0.09/turn               (no ring)

@: lethally poisoned (0 -> -4), quick
A: very small, claws 1, fangs 3, see invisible, speed 1, shaggy fur 1, stealthy
paws, no weapons or thrown items, no armour, multi-lived
a: no special abilities


You were on level 2 of the Dungeon.
You visited 1 branch of the dungeon, and saw 2 of its levels.

You collected 97 gold pieces.
You spent 57 gold pieces at shops.

Inventory:

Missiles
 f - 30 stones
Jewellery
 d - a +6 ring of strength (left paw)
Wands
 b - a wand of charming (15)
Scrolls
 g - a scroll of identify
 h - a scroll of teleportation
Potions
 a - a potion of curing
 e - a potion of resistance
Miscellaneous
 c - a piece from Xom's chessboard (15/15)


   Skills:
 + Level 1.0 Fighting
 + Level 3.9 Dodging
 + Level 2.5 Stealth
 + Level 0.6 Unarmed Combat
 + Level 0.1 Air Magic
 + Level 4.4 Evocations


You had one spell level left.
You knew the following spells:

 Your Spells              Type           Power      Damage    Failure   Level
a - Shock                 Conj/Air       0%         1d3       32%         1

Your spell library contained the following spells:

 Spells                   Type           Power      Damage    Failure   Level
 Swiftness                Air            0%         N/A       67%         3
 Airstrike                Air            0%         N/A       97%         4


Dungeon Overview and Level Annotations

Branches:
Dungeon (2/15)

Altars:

Shops:
D:1 [   D:2 *


Innate Abilities, Weirdness & Mutations

You have sharp claws.
You have razor-sharp teeth.
You have supernaturally acute eyesight. (SInv)
You cover ground quickly. (Speed+)
You are covered in fur. (AC +1)
Your paws help you pounce on unaware monsters.
You are incapable of wielding weapons or throwing items.
You cannot wear armour.
You gain extra lives every three experience levels.


Message History

The giant cockroach is almost dead.
The giant cockroach misses you.
You scratch the giant cockroach but do no damage.
The giant cockroach is almost dead.
The giant cockroach bites you.
You scratch the giant cockroach but do no damage.
The giant cockroach is almost dead.
The giant cockroach bites you.
You barely miss the giant cockroach.
The giant cockroach is almost dead.
The giant cockroach bites you. x2
You barely miss the giant cockroach.
The giant cockroach is almost dead.
The giant cockroach barely misses you.
You scratch the giant cockroach but do no damage.
The giant cockroach is almost dead.
The giant cockroach bites you but does no damage.
You scratch the giant cockroach.
You kill the giant cockroach!
The adder completely misses you.
You scratch the adder.
The adder is moderately wounded.
The adder closely misses you.
You scratch the adder.
The adder is heavily wounded.
The adder closely misses you.
You scratch the adder. Your bite misses the adder.
The adder is severely wounded.
The adder bites you.
You scratch the adder.
The adder is severely wounded.
The adder completely misses you. The adder bites you.
* * * LOW HITPOINT WARNING * * *
You are lethally poisoned!
The adder poisons you!
You scratch the adder.
You kill the adder!
* * * LOW HITPOINT WARNING * * *
You feel sick.
You die...

###.##..# ##.......##
........####.........#
...........+.........+
###.#...####.........#
#.##.## #.......#
#.#### ##.....## #.#
##...## #.# ##'## #.#
#@# #.# #.# #?#
#########.####### #.#
#...............# #.#
#.#####.....###.# #.#
#.# ##...#....#
#.####.#######.##.#...
#..........###.##....#
######.###.........# #


There were no monsters in sight!

Vanquished Creatures
  2 adders (D:2)
  A worm (D:2)
  2 dart slugs
  2 ball pythons (D:2)
  2 endoplasms
  A giant cockroach (D:2)
  4 goblins
  3 hobgoblins
  5 jackals
  A quokka (D:1)
  5 bats (D:2)
  2 frilled lizards (D:2)
  3 kobolds (D:1)
  A rat (D:1)
34 creatures vanquished.

Notes
Turn   | Place    | Note
-------+----------+-------------------------------------------
     0 | D:1      | cheechan the Felid Artificer began the quest for the Orb.
     0 | D:1      | Reached XP level 1. HP: 9/9 MP: 2/2
   231 | D:1      | Found Luyhocri's Antique Armour Boutique.
   634 | D:1      | Reached XP level 2. HP: 12/12 MP: 3/3
   637 | D:1      | Learned a level 1 spell: Shock
   738 | D:1      | Found a faded altar of an unknown god.
  1098 | D:2      | Reached skill level 4 in Evocations
  1113 | D:2      | Reached XP level 3. HP: 2/15 MP: 4/4
  1308 | D:2      | Found Bol Syeb's Assorted Antiques.
  1317 | D:2      | Bought a scroll labelled ATOTHO PUIMUPS for 19 gold pieces
  1317 | D:2      | Bought a scroll labelled SUILOO LEALEOM for 19 gold pieces
  1317 | D:2      | Bought a scroll labelled PUIKOSE BAUT for 19 gold pieces
  1725 | D:2      | Succumbed to an adder's poison

Illustrated notes

Levels and vault maps discovered:
D:1:      dpeg_arrival_brainrot, layout_basic,
          shapermc_ecumenical_altar_mp_vishouse, serial_shops, shop
D:2:      layout_loops_corners, serial_shops, shop

Skill      XL: |  1  2  3 |
---------------+----------+-----
Evocations     | 4 |  4.4
Stealth        | 2 |  2.5
Fighting       | |  1.0
Dodging        | |  3.9
Unarmed Combat | |  0.6
Air Magic      | |  0.1

Action                   || total
-------------------------++-------
Melee: Unarmed           ||    87
       Bite              ||    10
 Cast: Shock             ||     1
Evoke: Wand              ||    15
  Use: Scroll            ||     5
       Potion            ||     1
 Stab: Sleeping          ||     6
Armor: Skin              ||     8
Dodge: Dodged            ||    77

Table legend: (Time is in decaauts)
 A = Elapsed time spent in this place.
 B = Non-inter-level travel time spent in this place.
 C = Inter-level travel time spent in this place.
 D = Time resting spent in this place.
 E = Time spent auto-exploring this place.
 F = Levels seen in this place.
 G = Mean time per level.
                   A        B        C        D        E       F      G
               +--------+--------+--------+--------+--------+-----+--------+
         Total |   1409 |   1409 |      0 |      0 |      0 |   2 |  704.5 |
       Dungeon |   1409 |   1409 |      0 |      0 |      0 |   2 |  704.5 |
               +--------+--------+--------+--------+--------+-----+--------+

Top non-repeatable levels by time:
     D:1: 884 daAuts
     D:2: 524 daAuts
